 Dungeon Crawl Stone Soup version 0.16-a0-3253-g5709529 (webtiles) character file.

1960 Broomstick the Basher (level 9, -4/55 HPs)
             Began as a Gargoyle Fighter on Dec 23, 2014.
             Was an Initiate of Ashenzari.
             Slain by a troll (5 damage)
             ... on level 6 of the Dungeon.
             The game lasted 00:42:47 (6713 turns).

Broomstick the Basher (Gargoyle Fighter)            Turns: 6713, Time: 00:42:48

Health: -4/55      AC: 13    Str: 22    XL:     9   Next: 19%
Magic:  12/12      EV:  8    Int: 10    God:    Ashenzari [......]
Gold:   250        SH: 10    Dex:  9    Spells: 0 memorised, 8 levels left

rFire  . . .     SeeInvis .     a - +1 flail (curse)
rCold  . . .     Clarity  .     b - +0 scale mail
rNeg   + . .     SustAb   .     c - +0 shield (curse)
rPois  ∞         Gourm    .     (no helmet)
rElec  +         Spirit   .     (no cloak)
rCorr  .         Warding  .     (no gloves)
rMut   .         Stasis   .     (no boots)
MR     .....                    (no amulet)
Stlth  ..........               (no ring)
                                (no ring)

@: not resistant to hostile enchantments, extremely unstealthy
A: negative energy resistance 1, electricity resistance, unbreathing,
petrification resistance, rot immunity, AC +5
a: Renounce Religion


You were on level 6 of the Dungeon.
You worshipped Ashenzari.
Ashenzari was noncommittal.
You were not hungry.

You visited 1 branch of the dungeon, and saw 6 of its levels.
You also visited: Sewer.

You collected 250 gold pieces.

Inventory:

Hand weapons
 a - a cursed +1 flail (weapon)
 f - a +1 dagger of electrocution
Missiles
 e - 8 poisoned needles
 p - 4 tomahawks (quivered)
Armour
 b - a +0 scale mail (worn)
 c - a cursed +0 shield (worn)
Rods
 y - a +0 rod of ignition (9/9)
   (You took it off a centaur on level 5 of the Dungeon)
Jewellery
 o - an uncursed ring of loudness
Magical devices
 g - a wand of slowing (10)
 q - a wand of teleportation (5)
 r - a wand of magic darts (7)
 s - a wand of polymorph (0)
Scrolls
 k - a scroll of curse armour
 l - 3 scrolls of curse jewellery
 v - 2 scrolls of identify
 w - 2 scrolls of amnesia
Potions
 j - a potion of mutation {unknown}
 t - 2 potions of cure mutation
 u - 4 potions of restore abilities
Books
 n - a book of Frost

   Spells                             Type                      Level
   a - Freeze                         Ice                          1
   b - Throw Frost                    Conjuration/Ice              2
   c - Ozocubu's Armour               Charms/Ice                   3
   d - Throw Icicle                   Conjuration/Ice              4
   e - Summon Ice Beast               Ice/Summoning                4
   f - Condensation Shield            Ice                          4
Comestibles
 d - 9 bread rations
 h - 3 fruits
 i - 3 meat rations
 m - a royal jelly
 x - 4 chunks of flesh


   Skills:
 + Level 5.7 Fighting
 * Level 8.6 Maces & Flails
 + Level 5.5 Armour
 + Level 6.1 Shields
 + Level 2.6 Evocations


You had 8 spell levels left.
You didn't know any spells.

Dungeon Overview and Level Annotations

Branches:
Dungeon (6/15)             Temple (0/1) D:5

Altars:
Ashenzari
Cheibriados
Dithmenos
Makhleb
Sif Muna

Annotations:
D:3 wojtek's ghost, average KoBe
D:4 Chiseanne's ghost, average TrAK


Innate Abilities, Weirdness & Mutations

You are resistant to torment.
You are immune to poison.
Your stone body is very resilient (AC +5).
You resist negative energy.
You are resistant to electric shocks.
You can survive without breathing.
You are immune to petrification.
You are immune to rotting.


Message History

You barely miss the troll.
The troll is heavily wounded.
The troll bites you! The troll claws you.
* * * LOW HITPOINT WARNING * * *
The troll claws you but does no damage.
You closely miss the troll.
The troll is heavily wounded.
The troll closely misses you. You block the troll's attack.
The troll claws you.
* * * LOW HITPOINT WARNING * * *
You barely miss the troll.
The troll is heavily wounded.
The troll bites you but does no damage. The troll claws you but does no damage.
You block the troll's attack.
You hit the troll but do no damage.
The troll is heavily wounded.
The troll bites you!
* * * LOW HITPOINT WARNING * * *
The troll claws you.
You die...

#.#..#.#
#.#....######
#............
#..<.......... .
#.............
...
#.#+#'###.....
..!. #. #.# .
..... #.
#.#######.......
#. #...@T......#
#.
########....%..#
#. ....... #.
......# .
......+ ......
..... .... .


You could see a troll.

Vanquished Creatures
  The ghost of wojtek the Slicer, an experienced KoBe of Trog (D:5)
  2 ogres (D:5)
  A phantom (D:5)
  A centaur (D:5)
  Sigmund (D:3)
  Duvessa (D:5)
  2 giant frogs (Sewer)
  A water moccasin skeleton (D:4)
  4 scorpions (D:4)
  A centaur zombie (D:4)
  Dowan (D:5)
  A crimson imp (D:5)
  2 orc priests (D:5)
  A hound (D:5)
  2 worker ants
  3 orc wizards
  2 iguanas (D:5)
  A worker ant zombie (D:5)
  7 adders
  12 giant mites
  3 worms
  An adder skeleton (D:5)
  10 giant geckos
  15 oozes
  11 orcs
  15 ball pythons
  16 giant cockroaches
  6 goblins
  12 hobgoblins
  2 quokkas
  14 bats
  A giant gecko skeleton (D:4)
  13 giant newts
  12 jackals
  10 kobolds
  9 rats
197 creatures vanquished.

Notes
Turn   | Place    | Note
--------------------------------------------------------------
     0 | D:1      | Broomstick, the Gargoyle Fighter, began the quest for the Orb.
     0 | D:1      | Reached XP level 1. HP: 14/14 MP: 1/1
   276 | D:1      | Reached XP level 2. HP: 19/19 MP: 2/2
  1029 | D:2      | Reached XP level 3. HP: 23/23 MP: 3/3
  1248 | D:2      | Reached skill level 4 in Maces & Flails
  1305 | D:2      | Reached XP level 4. HP: 21/28 MP: 4/4
  2057 | D:3      | Noticed wojtek's ghost (average KoBe)
  2201 | D:3      | Found a burning altar of Makhleb.
  2246 | D:3      | Reached skill level 5 in Maces & Flails
  2247 | D:3      | Reached XP level 5. HP: 27/32 MP: 5/5
  2308 | D:3      | Found a glowing drain.
  2335 | Sewer    | Entered a sewer
  2578 | Sewer    | Reached skill level 6 in Maces & Flails
  2602 | Sewer    | Reached XP level 6. HP: 26/37 MP: 6/6
  2988 | Sewer    | Reached XP level 7. HP: 21/42 MP: 7/7
  3262 | D:3      | Found a deep blue altar of Sif Muna.
  3492 | D:3      | Noticed Sigmund
  3506 | D:3      | Killed Sigmund
  3810 | D:4      | Reached skill level 7 in Maces & Flails
  3830 | D:4      | Noticed Chiseanne's ghost (average TrAK)
  3939 | D:4      | Found a shadowy altar of Dithmenos.
  4338 | D:4      | Found a shattered altar of Ashenzari.
  4360 | D:4      | Became a worshipper of Ashenzari the Shackled
  4646 | D:4      | Reached XP level 8. HP: 33/48 MP: 8/8
  4763 | D:4      | Found a snail-covered altar of Cheibriados.
  4825 | D:5      | Entered Level 5 of the Dungeon
  4867 | D:5      | Reached skill level 5 in Shields
  5475 | D:5      | Noticed wojtek's ghost (experienced KoBe)
  5521 | D:5      | Killed wojtek's ghost
  5521 | D:5      | Reached skill level 5 in Fighting
  5521 | D:5      | Reached skill level 8 in Maces & Flails
  5521 | D:5      | Reached skill level 5 in Armour
  5521 | D:5      | Reached skill level 1 in Evocations
  5537 | D:5      | Found a staircase to the Ecumenical Temple.
  6205 | D:5      | Reached XP level 9. HP: 50/54 MP: 12/12
  6316 | D:5      | Noticed Duvessa
  6461 | D:5      | Noticed Dowan
  6498 | D:5      | Killed Duvessa
  6504 | D:5      | Killed Dowan
  6554 | D:5      | Identified a +0 rod of ignition (9/9) (You took it off a centaur on level 5 of the Dungeon)
  6713 | D:6      | HP: 1/55 [troll (10)]
  6713 | D:6      | Slain by a troll

Action                   |  1- 3 |  4- 6 |  7- 9 || total
-------------------------+-------+-------+-------++-------
Melee: Flail             |   114 |   384 |   419 ||   917
Throw: Tomahawk          |       |       |     3 ||     3
Evoke: Wand              |       |       |     9 ||     9
  Use: Potion            |     4 |     1 |     2 ||     7
       Scroll            |     1 |     5 |     5 ||    11
  Eat: Chunk             |     1 |     7 |    12 ||    20
